[Event "*** Titled Tuesday 3|2 Blitz"]
[Site "Chess.com"]
[Date "2015.11.03"]
[Round "1"]
[White "wanyaland"]
[Black "Keranke"]
[Result "0-1"]
[WhiteElo "2251"]
[BlackElo "2579"]
[TimeControl "180+2"]
[EndTime "11:08:22 PST"]
[Termination "Keranke won on time"]

1. d4 g6 2. c4 Bg7 3. Nc3 d6 4. e4 Nf6 5. Nf3 O-O 6. Be2 Bg4 7. h3 Bxf3 8. Bxf3 Nc6 9. d5 Ne5 10. Be2 c6 11. f4 Ned7 12. dxc6 bxc6 13. O-O Rb8 14.
Bf3 Qa5 15. Kh1 Nc5 16. e5 dxe5 17. fxe5 Nfd7 18. Bxc6 Nxe5 19. Bf3 Nxc4 20. Qe2 Nxb2 21. Nd5 Nbd3 22. Bd2 Qa6 23. Nxe7+ Kh8 24. Rab1 Rbe8 25. Bg5 Ne6 26. Bh4 g5 27. Be4 Ndc5 28. Qxa6 Nxa6 29. Nc6 gxh4 30. Nxa7 Nec5 31. Bf3 Re3 32. Nc6 Ne4 33. Kh2 Nd2 34. Rf2 Nxb1 0-1

[Event "*** Titled Tuesday 3|2 Blitz"]
[Site "Chess.com"]
[Date "2015.11.03"]
[Round "1"]
[White "Viaje"]
[Black "vovkcoach"]
[Result "1-0"]
[WhiteElo "2240"]
[BlackElo "2504"]
[TimeControl "180+2"]
[EndTime "11:08:23 PST"]
[Termination "Viaje won on time"]

1. d4 d5 2. c4 c6 3. Nf3 Nf6 4. Qc2 dxc4 5. e4 b5 6. b3 cxb3 7. axb3 e6 8. Bd2 Bb7 9. Ba5 Qc8 10. Bd3 Nbd7 11. Nbd2 a6 12. b4 Qb8 13. O-O e5 14. dxe5 Ng4 15. e6 fxe6 16. e5 Ndxe5 17. Bxh7 Be7 18. Nxe5 Nxe5 19. h3 Kf7 20. f4 Qa7+ 21. Kh2 Ng4+ 22. hxg4 Bf6 23. Qg6+ Ke7 24. Rae1 Qd4 25. Ne4 c5 26. Nxc5 Bd5 27. Kg3 Qc3+ 28.
Nd3 Bc4 29. g5 Bd4 30. f5 Rxh7 31. Rxe6+ Bxe6 32. Qxe6+ Kf8 33. f6 Qxd3+ 34. Rf3 Bf2+ 35. Kxf2 Qd4+ 36. Ke2 g6 37. Rd3 Qc4 38. Qd6+ Kg8 39. Bd8 Qe4+ 40. Kd2 1-0

[Event "*** Titled Tuesday 3|2 Blitz"]
[Site "Chess.com"]
[Date "2015.11.03"]
[Round "1"]
[White "igorkovalenko"]
[Black "ZEN-22"]
[Result "1-0"]
[WhiteElo "2493"]
[BlackElo "2177"]
[TimeControl "180+2"]
[EndTime "11:08:25 PST"]
[Termination "igorkovalenko won by resignation"]

1. d4 d6 2. Nf3 Nd7 3. e4 e5 4. Nc3 Ngf6 5. g3 exd4 6. Nxd4 h5 7. Bg5 g6 8. Bg2 c6 9. O-O Be7 10. Re1 Ne5 11. h3 Qb6 12. Nb3 h4 13. Be3 Qc7 14.
g4 Nc4 15. Bc1 a5 16. a4 Nh7 17. f4 Bf6 18. Qd3 Nb6 19. Be3 O-O 20. Rad1 Rd8 21.
Nd4 Nf8 22. b3 Ne6 23. Nce2 Nc5 24. Qd2 Re8 25. Nc3 Bd7 26. Bf2 Rad8 27. g5 Bg7 28.
Bxh4 d5 29. e5 Ne6 30. Bf2 Nxd4 31. Qxd4 Nc8 32. h4 Bg4 33. Rc1 b6 34. Qd3 Bf5 35. Qg3 Ne7 36. Red1 Qc8 37. Bf3 Qc7 38. Rd2 Be6 39. h5 Nf5 40. Qh2 b5 41. h6 Bh8 42.
h7+ Kf8 43. axb5 cxb5 44. Nxb5 Qb8 45. Bc5+ Re7 46. Nd4 Nxd4 47. Rxd4 Ke8 48. Bxe7 Kxe7 49. Qd2 Qb6 50. Kg2 Bg7 51. Ra4 Rh8 52. Qxa5 Qxa5 53. Rxa5 Kd7 54. Ra7+ Kc6 55. Ra6+ Kb5 56. Be2+ Kc5 57. c3 d4 58. b4+ Kd5 59. Bf3+ Kc4 60.
cxd4+ Kxd4 61. b5 Rxh7 62. Ra4+ Ke3 63. Ra3+ Kxf4 64. b6 Bxe5 65. Ra4+ Kxg5 66. Rc5 Kf6 67. Rxe5 Kxe5 68. b7 Rh8 69. Ra8 Bh3+ 70. Kg3 Rh7 71. b8=Q+ Kf5 72. Qf4+ Ke6 73. Ra6+ Ke7 74. Qf6+ Kd7 75.
Qd6+ Ke8 76. Ra8+ 1-0

[Event "*** Titled Tuesday 3|2 Blitz"]
[Site "Chess.com"]
[Date "2015.11.03"]
[Round "1"]
[White "saraswathii"]
[Black "stepanosinovsky"]
[Result "1-0"]
[WhiteElo "1940"]
[BlackElo "2291"]
[TimeControl "180+2"]
[EndTime "11:08:29 PST"]
[Termination "saraswathii won by resignation"]

1. e4 e5 2. d3 Nc6 3. Nf3 Bc5 4. g3 h5 5. h4 Nf6 6. Bg2 Ng4 7. O-O d6 8. c3 Bb6 9. d4 Qf6 10. Bg5 Qg6 11. Na3 f6 12. Bc1 a6 13. Nc4 Ba7 14. Ne3 Ne7 15. Nxg4 hxg4 16. Nh2 Qh5 17. Be3 g5 18. f3 gxh4 19. fxg4 Qh7 20. Rxf6 hxg3 21. Nf1 Qg7 22. g5 Rh4 23. Nxg3 Bg4 24. Bf3 Bd7 25. Nh5 Qh8 26. Rh6 O-O-O 27. Rxh8 Rxh8 28. Nf6 Ng6 29. Nxd7 Kxd7 30. Bf2 Rf4 31. Bg3 exd4 32. Bg4+ Kd8 33.
Bxf4 dxc3+ 34. Kg2 Nxf4+ 35. Kg3 cxb2 36. Rb1 Ng6 37.
Rxb2 Ne5 38. Bf5 Be3 39. Rxb7 Ke7 40. Rxc7+ Kf8 41. Qxd6+ 1-0

[Event "*** Titled Tuesday 3|2 Blitz"]
[Site "Chess.com"]
[Date "2015.11.03"]
[Round "1"]
[White "manubibi"]
[Black "motivated_bishop"]
[Result "1-0"]
[WhiteElo "2441"]
[BlackElo "2126"]
[TimeControl "180+2"]
[EndTime "11:08:34 PST"]
[Termination "manubibi won by checkmate"]

1. e4 e5 2. Nf3 Nc6 3. Bb5 a6 4. Ba4 Nf6 5. O-O Be7 6. Re1 b5 7. Bb3 d6 8. c3 O-O 9. h3 Nb8 10. d4 Nbd7 11. Nbd2 Bb7 12. a4 c5 13. d5 c4 14. Bc2 Nc5 15. Nf1 Re8 16. Ng3 g6 17. Ra3 Nfd7 18. Be3 Qc7 19. h4 Nb6 20. axb5 axb5 21. Rxa8 Rxa8 22. Ng5 Nbd7 23. h5 Qd8 24. Qg4 Nd3 25. Bxd3 cxd3 26. hxg6 hxg6 27. Nxf7 Kxf7 28.
Qe6+ Kg7 29. Bh6+ Kxh6 30. Nf5+ Kg5 31. Nxe7 Nf8 32. Qf7 Qe8 33. Qg7 d2 34. Rd1 Ra7 35. Rxd2 Bxd5 36. f4+ Kg4 37. Qh6 exf4 38. Rxd5 Ra1+ 39.
Kh2 f3 40. Qg5# 1-0

[Event "*** Titled Tuesday 3|2 Blitz"]
[Site "Chess.com"]
[Date "2015.11.03"]
[Round "1"]
[White "Matibar"]
[Black "3f32"]
[Result "1-0"]
[WhiteElo "1653"]
[BlackElo "2278"]
[TimeControl "180+2"]
[EndTime "11:08:35 PST"]
[Termination "Matibar won by resignation"]

1. e4 e5 2. Nf3 Nc6 3. Bb5 a6 4. Ba4 Nf6 5. Qe2 b5 6. Bb3 Bc5 7. c3 O-O 8. O-O d6 9. d3 h6 10.
h3 Bb6 11. Be3 Bxe3 12. Qxe3 Ne7 13. d4 Ng6 14. Rd1 Qe7 15. dxe5 dxe5 16. Nbd2 Bb7 17.
Bc2 Rfd8 18. Nb3 Rxd1+ 19. Rxd1 Rd8 20. Rxd8+ Qxd8 21. Nc5 Bc8 22. Qd2 Qxd2 23. Nxd2 Kf8 24. b4 Ke7 25. f3 Nf4 26. Kf2 Ne6 27. Ndb3 Nxc5 28. Nxc5 Nd7 29. Nd3 f6 30. a4 Nb6 31.
a5 Nc4 32. Bb3 Nd6 33. Nc5 Nb7 34. Nxb7 Bxb7 35. c4 bxc4 36. Bxc4 Kd6 37. Ke3 c5 38. b5 axb5 39. Bxb5 Bc6 40. Bc4 Bd7 41. Kd3 Kc6 42.
Kc3 Bc8 43. Kb3 Kc7 44. Bb5 Be6+ 45. Kc3 Bf7 46. g3 Be6 47. h4 Bh3 48. f4 Bg2 49.
Bd3 Kc6 50. Kc4 Bh3 51. f5 Bg2 52. a6 Kb6 53. Kd5 Bf3 54. Ke6 c4 55. Bxc4 Bxe4 56. Kf7 Bxf5 57. Kxg7 e4 58. Kxh6 Bg4 59. Kg6 f5 60. h5 e3 61. h6 Kc5 62. a7 Kxc4 63. a8=Q e2 64. Qh1 Kd3 65. Qe1 Ke3 66. h7 1-0

[Event "*** Titled Tuesday 3|2 Blitz"]
[Site "Chess.com"]
[Date "2015.11.03"]
[Round "1"]
[White "kharposh"]
[Black "Baggio95"]
[Result "0-1"]
[WhiteElo "2067"]
[BlackElo "2389"]
[TimeControl "180+2"]
[EndTime "11:08:51 PST"]
[Termination "Baggio95 won by resignation"]

1. e4 e5 2. Nf3 Nc6 3. Bb5 a6 4.
Bxc6 dxc6 5. Nc3 f6 6. d4 exd4 7. Qxd4 Qxd4 8. Nxd4 c5 9. Nde2 Ne7 10. Bf4 Kd7 11. O-O-O+ Kc6 12. Rd2 Ng6 13. Bg3 Be6 14.
Rhd1 Be7 15. Nf4 Nxf4 16. Bxf4 Rad8 17. Nd5 Bd6 18. Bxd6 cxd6 19. Ne3 Rhe8 20. f3 g6 21. g4 b5 22. b3 a5 23. h4 Bf7 24. Nd5 Bxd5 25. Rxd5 Re6 26. g5 fxg5 27. hxg5 Rf8 28. Rh1 Rxf3 29. Rxh7 Rxe4 30. Rd2 Rf1+ 31. Kb2 Rf5 32.
Ra7 Re6 33. Ra6+ Kc7 34. Rxa5 Kb6 35. Ra8 Rxg5 36. c4 bxc4 37. bxc4 Rge5 38. Rb8+ Kc7 39. Rg8 g5 40. Rg2 Re2+ 41. Rxe2 Rxe2+ 42. Kb3 Rg2 43. a3 g4 44. Ka4 Kc6 45. Rc8+ Kb7 46. Rg8 g3 47. Kb5 Rb2+ 48. Ka5 g2 49. Rg6 Kc7 50.
a4 Kd7 51. Ka6 d5 52. cxd5 c4 53. Rg7+ Kd6 54. Rg6+ Kxd5 55. Rg5+ Ke6 56. Rg6+ Kf7 57. Rg3 c3 0-1

[Event "*** Titled Tuesday 3|2 Blitz"]
[Site "Chess.com"]
[Date "2015.11.03"]
[Round "1"]
[White "Frolyanov_D"]
[Black "gmjlh"]
[Result "0-1"]
[WhiteElo "2224"]
[BlackElo "2643"]
[TimeControl "180+2"]
[EndTime "11:09:08 PST"]
[Termination "gmjlh won by resignation"]

1. d4 Nf6 2. c4 g6 3. Nf3 Bg7 4. g3 c5 5. Bg2 Nc6 6. d5 Na5 7. Nbd2 O-O 8. O-O d6 9. e4 e5 10. b3 a6 11. a4 Bd7 12. Bb2 b5 13. axb5 axb5 14. Bc3 b4 15. Bb2 Ng4 16. h3 Nh6 17. Ne1 f5 18. Nd3 Nb7 19. Rxa8 Qxa8 20. Qc2 Qc8 21. Kh2 Nf7 22. f4 Re8 23. fxe5 dxe5 24. exf5 gxf5 25. Nf2 Nfd6 26. Nf3 Qd8 27. Re1 e4 28.
Ng1 Qe7 29. Ne2 Bxb2 30. Qxb2 Qg7 31. Qc2 Ra8 32. Nf4 Ra3 33. Nd1 Na5 34. Re3 Qd4 35. Qe2 Rxb3 36. Rxb3 Nxb3 37. Qh5 Qf6 38. Ne3 Nd4 39.
Qd1 b3 40. Nh5 Qe5 41. Nf4 b2 42. Qb1 Nf3+ 43. Bxf3 exf3 44. Nd1 Nxc4 0-1

[Event "*** Titled Tuesday 3|2 Blitz"]
[Site "Chess.com"]
[Date "2015.11.03"]
[Round "1"]
[White "bugsbunny444"]
[Black "Makalexa"]
[Result "0-1"]
[WhiteElo "2363"]
[BlackElo "2108"]
[TimeControl "180+2"]
[EndTime "11:09:12 PST"]
[Termination "Makalexa won on time"]

1. Nf3 Nf6 2. c4 g6 3. b4 Bg7 4. Bb2 O-O 5. g3 b6 6. Bg2 Bb7 7. O-O c5 8. b5 d5 9. cxd5 Bxd5 10. d3 Nbd7 11. a4 Re8 12. Qc2 e5 13. Nbd2 e4 14.
dxe4 Nxe4 15. Bxg7 Kxg7 16. Nxe4 Bxe4 17. Qc3+ Qf6 18. Qxf6+ Kxf6 19. Rfd1 Rad8 20. Rd6+ Re6 21. Rxe6+ fxe6 22. h4 Ne5 23. Ng5 Bxg2 24. Kxg2 h6 25. Ne4+ Ke7 26. a5 Rd7 27. f3 Nc4 28. axb6 axb6 29.
Kf2 Nd2 30. Nxd2 Rxd2 31. Ra7+ Kd6 32. Rb7 c4 33. Rxb6+ Kd5 34. Ke3 Rb2 35. Rb8 Kc5 36. b6 c3 37. Rc8+ Kd5 38. Rxc3 Rxb6 39. Rc7 e5 40. g4 Rb3+ 41. Kf2 e4 42. Rh7 e3+ 43. Kg3 Rb2 44. Rxh6 Rxe2 45. Rxg6 Re1 46. Rg5+ Kd4 47. Kf4 e2 48. Re5 Kd3 49. h5 Rh1 50. Kg5 Rh3 51.
f4 Re3 0-1

[Event "*** Titled Tuesday 3|2 Blitz"]
[Site "Chess.com"]
[Date "2015.11.03"]
[Round "1"]
[White "pedromartinez91"]
[Black "yurisolo"]
[Result "0-1"]
[WhiteElo "2176"]
[BlackElo "2484"]
[TimeControl "180+2"]
[EndTime "11:09:16 PST"]
[Termination "yurisolo won by resignation"]

1. e4 c5 2. Nf3 e6 3. d4 cxd4 4.
Nxd4 Nc6 5. Nc3 d6 6. Be2 Nf6 7. O-O Be7 8. Be3 O-O 9. Kh1 Bd7 10. f4 Nxd4 11. Qxd4 Bc6 12. Rad1 Qc7 13. Bf3 Rfd8 14. Rf2 b5 15. Rfd2 Qb7 16. a3 a5 17. Qb6 b4 18. axb4 axb4 19. Qxb7 Bxb7 20. e5 Bxf3 21. exf6 bxc3 22. fxe7 Re8 23. gxf3 cxd2 24. Bxd2 Rxe7 25.
Bb4 Rb7 26. c3 d5 27. f5 Rb5 28. fxe6 fxe6 29. f4 Kf7 30. Kg2 Kf6 31. Kg3 Ra2 32. Ba3 Rb3 33. Kg4 g6 34. Rd3 Ra1 35. h4 Rg1+ 36.
Kf3 Rh1 37. Kg3 Rb7 38. Re3 Rg1+ 39. Kf3 Rc7 40. Bd6 Rc4 41. Be5+ Kf5 42. Re2 Re4 43. Rh2 Rf1+ 44. Kg2 Re2+ 45. Kxf1 Rxh2 46. b4 Ke4 47. Ke1 Kd3 48. f5 Re2+ 49. Kd1 Rxe5 0-1

[Event "*** Titled Tuesday 3|2 Blitz"]
[Site "Chess.com"]
[Date "2015.11.03"]
[Round "1"]
[White "JammyDodger91"]
[Black "Chopper1905"]
[Result "0-1"]
[WhiteElo "2226"]
[BlackElo "2529"]
[TimeControl "180+2"]
[EndTime "11:09:30 PST"]
[Termination "Chopper1905 won by resignation"]

1. e4 c5 2. d4 cxd4 3. c3 dxc3 4. Nxc3 Nc6 5. Nf3 e6 6. Bc4 Nge7 7. Bg5 f6 8. Be3 Ng6 9. O-O Be7 10. Nb5 O-O 11. Rc1 a6 12. Nd6 Qc7 13. Bc5 b6 14.
Ba3 Rb8 15. Bb3 b5 16. Bc5 Bb7 17. Nf5 Bxc5 18. Rxc5 Rbd8 19. Nd6 Qb6 20. Rc1 Na5 21. Qd4 Qxd4 22. Nxd4 Ba8 23. Rc7 Nc6 24. Rd1 Nxd4 25. Rxd4 Ne5 26. f4 Nc6 27. Rd2 Na5 28. Bd1 Bc6 29. b3 Ra8 30. Be2 Rfb8 31. Kf2 Kf8 32. b4 Nb7 33. Nxb7 Rxb7 34. Rxb7 Bxb7 35. Rxd7 Bxe4 36.
g4 Rc8 37. Ke3 Bd5 38. a4 bxa4 39. Bxa6 Ra8 40. b5 a3 41. Rc7 a2 42. Rc1 Ke7 43. Kd4 Kd6 44. Ra1 e5+ 45. fxe5+ fxe5+ 46. Kc3 Rf8 47. Kb4 Rf2 48. Ka3 Kc5 49. h4 Kb6 50.
Rg1 e4 51. g5 e3 52. Bc8 e2 53.
Bh3 Rf3+ 0-1

[Event "*** Titled Tuesday 3|2 Blitz"]
[Site "Chess.com"]
[Date "2015.11.03"]
[Round "1"]
[White "AndrewMcStone"]
[Black "Canonkasparov"]
[Result "0-1"]
[WhiteElo "2001"]
[BlackElo "2367"]
[TimeControl "180+2"]
[EndTime "11:09:31 PST"]
[Termination "Canonkasparov won by resignation"]

1. d4 d5 2. c4 c6 3. Nc3 Nf6 4. e3 a6 5. Nf3 Bf5 6. Qb3 Ra7 7.
Ne5 h6 8. Be2 e6 9. O-O Be7 10.
Bd2 O-O 11. cxd5 exd5 12. Rac1 a5 13. Na4 Nbd7 14. Nxd7 Nxd7 15. a3 Re8 16. Bd3 Be6 17. Bb1 Bf8 18. Qd3 g6 19. f3 Bf5 20. Qc3 Bxb1 21.
Rxb1 Bg7 22. Rbc1 Kh7 23. Qd3 f5 24. Rfe1 Qf6 25. Nc5 Nxc5 26. Rxc5 a4 27. Rec1 Re6 28. Ra5 Rxa5 29. Bxa5 f4 30. Bd2 fxe3 31. Bxe3 Qe7 32. Re1 c5 33. Kf2 cxd4 34. Bd2 Rxe1 35. Bxe1 Qc7 36.
Bb4 Qc4 37. Qe2 Qc7 38. h4 h5 39. Qd2 b5 40. Qg5 Qc2+ 41. Kg3 Qf5 42. Qxf5 gxf5 43. Kf4 Kg6 44. Bd2 Bh6+ 45. Ke5 Bxd2 46. Kxd4 Bc1 47.
Kxd5 Bxb2 48. Kc5 Bxa3+ 49. Kxb5 Be7 50. Kxa4 Bxh4 51. Kb4 f4 52. Kc4 Kf5 53. Kd4 Bf2+ 54. Kd3 h4 55. Ke2 Bg3 56. Kf1 Ke5 57. Kg1 Kd4 58.
Kf1 Ke3 59. Kg1 h3 60. Kh1 hxg2+ 61. Kxg2 Ke2 62. Kg1 Kxf3 63. Kf1 Ke3 0-1

[Event "*** Titled Tuesday 3|2 Blitz"]
[Site "Chess.com"]
[Date "2015.11.03"]
[Round "1"]
[White "LADIESGET2KNOWME"]
[Black "Fandorine"]
[Result "1/2-1/2"]
[WhiteElo "2242"]
[BlackElo "2519"]
[TimeControl "180+2"]
[EndTime "11:09:36 PST"]
[Termination "Game drawn by agreement"]

1. d4 Nf6 2. Nf3 g6 3. g3 Bg7 4. Bg2 O-O 5. O-O d5 6. c4 c6 7.
cxd5 cxd5 8. Nc3 e6 9. Ne5 Nc6 10. f4 Nd7 11. e3 Nb6 12. b3 Bd7 13. a4 Rc8 14. Ba3 Re8 15. Rc1 a6 16. g4 Nxe5 17.
fxe5 Bf8 18. Bxf8 Rxf8 19. Qd2 Qe7 20. Ne2 Qa3 21. Rb1 Qe7 22. Nf4 Rc7 23. Nd3 Rfc8 24. Nc5 Be8 25. Rbc1 Nd7 26. Nd3 b6 27. Rxc7 Rxc7 28.
Rc1 Qd8 29. Rc3 a5 30. Rxc7 Qxc7 31. Qc1 Qd8 32. h3 Nb8 33. Bf1 Bc6 34. Nf4 Bb7 35. Qa3 Nc6 36. Bb5 Nb4 37. Qc1 Kg7 38. Nd3 Na6 39. Nf4 Qe7 40. Kg2 h6 41. Bxa6 Bxa6 42. Qc6 Qb4 43. Qc2 b5 44. axb5 Bxb5 45. Qf2 Bd7 46.
Qc2 a4 47. bxa4 Bxa4 48. Qf2 Bd7 49. Nxg6 fxg6 50. Qf6+ Kh7 51. Qf7+ Kh8 52. Qf6+ Kh7 53. Qf7+ Kh8 1/2-1/2

[Event "*** Titled Tuesday 3|2 Blitz"]
[Site "Chess.com"]
[Date "2015.11.03"]
[Round "1"]
[White "FairChess_on_YouTube"]
[Black "BIG_Pirate"]
[Result "1-0"]
[WhiteElo "2716"]
[BlackElo "2267"]
[TimeControl "180+2"]
[EndTime "11:09:45 PST"]
[Termination "FairChess_on_YouTube won by resignation"]

1. e4 d5 2. exd5 Qxd5 3. d4 e5 4. dxe5 Qxd1+ 5. Kxd1 Nc6 6. f4 Bf5 7. Nf3 O-O-O+ 8. Bd2 Nh6 9. h3 Nb4 10. Na3 Be4 11.
Ng5 Bg6 12. g4 f6 13. Ne6 Be4 14.
Nxd8 Bxh1 15. Ne6 Be7 16. Nxg7 fxe5 17. f5 Nf7 18. Nc4 Rd8 19. Ne6 Rd7 20. Kc1 Be4 21. Ne3 Ng5 22. Bc4 Nxh3 23. a3 Nd5 24. Nxd5 Bxd5 25.
Bxd5 Rxd5 26. c4 Rd3 27. Kc2 Rg3 28. Rh1 e4 29. Bc3 Ng5 30. Nxg5 Bxg5 31. Rxh7 Rxg4 32. Rg7 Rg3 33. f6 Rxc3+ 34. bxc3 Bxf6 35. Rg4 Be7 36. Rxe4 Bxa3 37. Kb3 Bc5 38. Ka4 a6 39. Re5 b6 40.
Rh5 Kb7 41. Kb3 Kc6 42. Rh6+ Kb7 43. Kc2 b5 44. Kb3 c6 45. Rh8 Kb6 46. Rb8+ Kc7 47. Ra8 Kb7 48. Rg8 Kb6 49. Rg6 Kb7 50. Kc2 Kb6 51.
Kd3 a5 52. cxb5 Kxb5 53. Rg2 a4 54. Rb2+ Ka5 55. Kc4 Bd6 56. Rd2 Be7 57. Rd7 1-0

[Event "*** Titled Tuesday 3|2 Blitz"]
[Site "Chess.com"]
[Date "2015.11.03"]
[Round "1"]
[White "ruifeng"]
[Black "Blitzstream"]
[Result "1-0"]
[WhiteElo "2154"]
[BlackElo "2409"]
[TimeControl "180+2"]
[EndTime "11:09:58 PST"]
[Termination "ruifeng won by checkmate"]

1. e4 d5 2. exd5 Qxd5 3. Nc3 Qa5 4. d4 Nf6 5. Bc4 Bg4 6. f3 Bf5 7. Ne2 e6 8. Ng3 Bg6 9. O-O c6 10. f4 Be7 11. f5 exf5 12. Qe2 Qd8 13. Nxf5 Bxf5 14. Rxf5 O-O 15. Be3 Nbd7 16. Raf1 g6 17. R5f3 b5 18. Bb3 a5 19. a4 b4 20. Ne4 Nxe4 21.
Rxf7 Rxf7 22. Rxf7 Kh8 23. Bh6 Bf8 24. Bxf8 Nxf8 25.
Qxe4 Qd6 26. Re7 Rd8 27. c3 c5 28. Re8 Rxe8 29. Qxe8 Kg7 30. Qf7+ Kh6 31. Qf2 cxd4 32. cxd4 Nd7 33. h4 Nf6 34. Qe3+ Kg7 35. g3 Ng4 36.
Qf4 Qxf4 37. gxf4 Kf6 38. Kg2 Kf5 39. Kf3 Nh2+ 40. Ke3 Nf1+ 41. Kd3 Kxf4 42. Bg8 h6 43. Kc4 Ne3+ 44. Kb5 Nf5 45. d5 Ke5 46. Kxa5 Nxh4 47. Kb6 Nf5 48. a5 Nd6 49. a6 h5 50.
Kc6 Nc8 51. Kc7 Na7 52. d6 Nb5+ 53. Kc6 Na7+ 54. Kb7 Kxd6 55. Kxa7 Kc7 56. Bf7 h4 57.
Bxg6 h3 58. Be4 h2 59. b3 Kd6 60. Kb6 Ke5 61. Bh1 Kd4 62. a7 Kc3 63. a8=Q Kxb3 64. Qg2 Kc3 65. Qxh2 b3 66. Be4 b2 67. Bb1 Kb3 68.
Qc2+ Ka3 69. Qc3+ Ka4 70. Bc2# 1-0

[Event "*** Titled Tuesday 3|2 Blitz"]
[Site "Chess.com"]
[Date "2015.11.03"]
[Round "1"]
[White "Krutoy123"]
[Black "Dlugy"]
[Result "1/2-1/2"]
[WhiteElo "2259"]
[BlackElo "2560"]
[TimeControl "180+2"]
[EndTime "11:10:11 PST"]
[Termination "Game drawn - insufficient material"]

1. e4 c5 2. Nf3 d6 3. d4 cxd4 4. Nxd4 Nf6 5. f3 e5 6. Nb3 h6 7. c4 Nc6 8. Be3 a5 9. Nc3 a4 10. Nd2 Be7 11. Be2 a3 12. b3 Qa5 13. Rc1 Nb4 14.
O-O O-O 15. Ndb1 Be6 16. Qd2 Nd7 17. Nb5 Nc5 18. N1xa3 f5 19. exf5 Bxf5 20. Rfd1 Rfd8 21. Kh1 Nbd3 22. Qxa5 Rxa5 23. Rc3 Nb4 24. Bxc5 dxc5 25.
Rxd8+ Bxd8 26. Re3 Bf6 27. g4 Bd7 28. Nb1 Bxb5 29. cxb5 Rxa2 30. Nc3 Ra1+ 31. Kg2 Nc2 32. Bc4+ Kf8 33. Re2 Nd4 34. Ra2 Rxa2+ 35. Nxa2 Ke7 36. Nc3 Kd6 37. Ne4+ Kc7 38. Nxc5 Kb6 39. Ne4 Nxb5 40.
Kg3 Be7 41. h4 Nd4 42. g5 hxg5 43. hxg5 Ka5 44. Kg4 Kb4 45. Bd5 b5 46. Kh5 Nxb3 47. Kg6 Nd4 48. Kf7 Bd8 49. Ke8 Bb6 50. Kf7 Nxf3 51.
g6 Nh4 52. Kxg7 Ka3 53. Kf6 Nxg6 54. Kxg6 b4 55. Nd2 Bd4 56. Kf5 Kb2 57. Ke4 Kc2 58. Nb3 Kc3 59. Kf3 Kc2 60. Ke2 Bc3 61. Nc5 Bd4 62. Nd3 b3 63. Bxb3+ Kxb3 64. Nxe5 Bxe5 1/2-1/2

[Event "*** Titled Tuesday 3|2 Blitz"]
[Site "Chess.com"]
[Date "2015.11.03"]
[Round "1"]
[White "GGuseinov"]
[Black "AndroQueen"]
[Result "1/2-1/2"]
[WhiteElo "2504"]
[BlackElo "2224"]
[TimeControl "180+2"]
[EndTime "11:10:13 PST"]
[Termination "Game drawn - insufficient material"]

1. e4 e6 2. d4 d5 3. Nc3 Nf6 4. Bg5 dxe4 5. Nxe4 Be7 6. Bxf6 gxf6 7. Nf3 a6 8. g3 Nc6 9. Bg2 e5 10. dxe5 Qxd1+ 11. Rxd1 fxe5 12. O-O f5 13. Nc3 e4 14. Nd2 Be6 15.
Nb3 O-O 16. f3 Bc4 17. Rfe1 Nb4 18. Na5 Be6 19. fxe4 Nxc2 20. Re2 Bc5+ 21. Kh1 Ne3 22. Rc1 Nxg2 23. exf5 Bxf5 24. Kxg2 b6 25. Nc6 Rae8 26.
Rxe8 Rxe8 27. b4 Bd6 28. Nd4 Be4+ 29. Nxe4 Rxe4 30. Nf5 Rxb4 31. Kf3 Kf7 32. h4 Ke6 33. Nxd6 cxd6 34. g4 d5 35. Re1+ Kf6 36. Re8 Rb2 37.
g5+ Kf7 38. Rd8 Rxa2 39. Rd7+ Kg6 40. Rd6+ Kf7 41. Kg4 Rf2 42. Kh5 Kg7 43. Rxb6 Rf7 44. Rxa6 Rd7 45. Kg4 d4 46. Ra2 d3 47. Rd2 Rd4+ 48.
Kf5 Rxh4 49. Rxd3 Ra4 50. Rd7+ Kg8 51. Rd5 Ra6 52. Rc5 Rb6 53. Kg4 Ra6 54. Kh5 Rb6 55. Rc8+ Kg7 56. Rc7+ Kg8 57. Ra7 Rc6 58. Ra8+ Kg7 59.
Ra5 Kg8 60. Rf5 Rb6 61. Rf4 Ra6 62. Kg4 Rb6 63. Re4 Ra6 64. Kf5 Ra5+ 65. Kf6 Ra6+ 66. Re6 Rxe6+ 67. Kxe6 Kg7 68. Kf5 Kf7 69. Kf4 Kg6 70.
Kg4 h6 71. gxh6 Kxh6 1/2-1/2

[Event "*** Titled Tuesday 3|2 Blitz"]
[Site "Chess.com"]
[Date "2015.11.03"]
[Round "1"]
[White "ChadaevNikolay"]
[Black "oggy1984"]
[Result "0-1"]
[WhiteElo "2582"]
[BlackElo "2268"]
[TimeControl "180+2"]
[EndTime "11:10:21 PST"]
[Termination "oggy1984 won by checkmate"]

1. e4 e5 2. Nf3 Nc6 3. Nc3 Nf6 4. d4 exd4 5. Nxd4 Bb4 6. Nxc6 bxc6 7. Bd3 d5 8. exd5 O-O 9. O-O cxd5 10. h3 c6 11.
Qf3 Bd6 12. Re1 Be6 13. Ne2 c5 14. c3 Re8 15. Nf4 Rb8 16. b3 a5 17. c4 dxc4 18. Nxe6 cxd3 19. Rd1 Rxe6 20. Bb2 c4 21. Bc3 cxb3 22.
axb3 Rxb3 23. Rxd3 Qb8 24. Bxa5 Rb1+ 25. Rxb1 Qxb1+ 26. Rd1 Qb8 27. Bc3 h6 28. Ra1 Ne4 29. Bd4 Re8 30. h4 Bc5 31. Bxc5 Nxc5 32. Rc1 Ne6 33. Rd1 Rd8 34. Re1 Qd6 35. g3 Qd5 36. Qxd5 Rxd5 37. Kg2 g6 38. Re2 Kg7 39. Rb2 Kf6 40. Rc2 h5 41.
Kh3 Rd3 42. Ra2 Nd4 43. Rb2 Rc3 44. Rd2 Ke5 45. Kg2 Rc2 46. Rd3 Nf5 47. Kf1 Nd6 48.
Rf3 f6 49. Re3+ Kf5 50. Rf3+ Ke6 51. Re3+ Kd5 52. Rd3+ Ke6 53. Re3+ Kf7 54. Kg1 f5 55. f3 Kf6 56. Rd3 Nc4 57. Rb3 Ne5 58. Ra3 Ke6 59. Kf1 Kd5 60. Ke1 Kd4 61. Kd1 Rg2 62. Ke1 Rxg3 63.
Ra4+ Ke3 64. Ra3+ Nd3+ 65. Kf1 Rxf3+ 66. Kg2 Rf4 67. Kg3 Rg4+ 68. Kh3 f4 69. Ra6 f3 70.
Re6+ Kf2 71. Re8 Nf4+ 72. Kh2 Rxh4# 0-1

[Event "*** Titled Tuesday 3|2 Blitz"]
[Site "Chess.com"]
[Date "2015.11.03"]
[Round "1"]
[White "NMJeevanK"]
[Black "GeorgMeier"]
[Result "0-1"]
[WhiteElo "2250"]
[BlackElo "2609"]
[TimeControl "180+2"]
[EndTime "11:10:38 PST"]
[Termination "GeorgMeier won by resignation"]

1. e4 e6 2. d4 d5 3. e5 c5 4. c3 Nc6 5. Nf3 Qb6 6. Bd3 cxd4 7.
cxd4 Bd7 8. Nc3 Nxd4 9. Nxd4 Qxd4 10. O-O a6 11. Qe2 Ne7 12. a3 Nc6 13. Re1 Be7 14.
Kh1 g6 15. f4 Qa7 16. Be3 Qb8 17. Bf2 O-O 18. Na4 Qe8 19. Nb6 Rd8 20. b4 f6 21.
Rac1 fxe5 22. fxe5 Qf7 23. Rf1 Qg7 24. Bg3 Bg5 25.
Rce1 Rxf1+ 26. Rxf1 Rf8 27. h4 Rxf1+ 28. Qxf1 Bd8 29.
Qf2 Bc7 30. Nxd7 Qxd7 31. b5 axb5 32. Bxb5 Qf7 33. Qe1 Nd4 34. Bd3 Nf5 35. Bxf5 gxf5 36. Bf4 Bd8 37. g3 Qd7 38. Qb4 Kf7 39. a4 d4 40. Kg2 Be7 41. Qb3 d3 42. Bd2 Qc6+ 43.
Kf2 Bc5+ 44. Be3 Be7 45. Qxd3 Qxa4 46. Qc3 Qc6 47. Qa5 Qc2+ 48. Kf3 Qc6+ 49. Kf2 h5 50. Qa8 Qc2+ 51. Kf1 Qd3+ 52. Kf2 Qc2+ 53. Kf1 Qb1+ 54. Kf2 Qb2+ 55. Kf3 Qxe5 56. Qxb7 Ke8 57. Qc8+ Kf7 58.
Qb7 Qc3 59. Qd7 Qb3 60. Ke2 Qc4+ 61. Kf3 Qb3 62. Ke2 Qd5 63. Qa7 Qg2+ 64. Bf2 Qe4+ 65.
Qe3 Qxe3+ 66. Kxe3 Bc5+ 67. Kf3 Bxf2 68. Kxf2 e5 69.
Kf3 Ke6 70. Ke3 Kd5 71. Kd3 Kc5 72. Ke3 Kc4 0-1

[Event "*** Titled Tuesday 3|2 Blitz"]
[Site "Chess.com"]
[Date "2015.11.03"]
[Round "1"]
[White "DeviatkinAndrey"]
[Black "armago"]
[Result "1/2-1/2"]
[WhiteElo "2515"]
[BlackElo "2232"]
[TimeControl "180+2"]
[EndTime "11:11:12 PST"]
[Termination "Game drawn - insufficient material"]

1. d4 Nf6 2. Nf3 g6 3. Bg5 Bg7 4. e3 O-O 5. Nbd2 d6 6. c3 h6 7. Bh4 g5 8. Bg3 Nh5 9. Bd3 Nxg3 10. hxg3 e6 11. Qe2 c5 12. O-O Nc6 13. Rfd1 Qe7 14. dxc5 dxc5 15. Nc4 Rd8 16. Be4 Bd7 17. g4 f5 18.
gxf5 exf5 19. Bd5+ Be6 20. Bxe6+ Qxe6 21. a4 f4 22. e4 Re8 23. Re1 Rad8 24. Nh2 Qg6 25.
f3 h5 26. Rad1 Rxd1 27. Rxd1 Ne5 28. Rd6 Re6 29. Nxe5 Bxe5 30. Rd7 Qe8 31. Rxb7 Qc6 32. Qc4 Kh8 33. Rf7 Qd6 34. Rf5 Rg6 35. Qd5 Qxd5 36. exd5 Bd6 37. Kf2 c4 38. Nf1 Kg7 39. Nd2 g4 40.
Ne4 Bc7 41. Rxh5 g3+ 42. Ke2 Rb6 43. d6 Rxb2+ 44. Nd2 Bxd6 45. Rd5 Be7 46. Rd4 Bf6 47. Rxc4 Ra2 48. Rxf4 Bxc3 49. Rg4+ Kf7 50. Kd3 Bxd2 51. Rxg3 Bb4 52. Rg4 a5 53. f4 Rxa4 54. Rg5 Ra3+ 55. Kc4 Ra2 56. g4 Rc2+ 57. Kb5 Rf2 58. Rf5+ Ke6 59. Re5+ Kd6 60. Re4 Bd2 61. f5 Kd5 62.
Re6 Bb4 63. Re8 Rf4 64. Rg8 Ke5 65. Re8+ Kf6 66. Re6+ Kf7 67. Rg6 Bd2 68. Rd6 Bc1 69. Kxa5 Rxg4 70. Rg6 Rf4 71. Rc6 Rxf5+ 72. Kb4 Bf4 73.
Kc4 Ke7 74. Rc5 Rf6 75. Kd5 Bd6 76. Rc2 Rf5+ 77. Ke4 Re5+ 78. Kd3 Ke6 79. Re2 Rxe2 80. Kxe2 1/2-1/2